 Dungeon Crawl Stone Soup version 0.31-a0-521-gc7390f8997 (webtiles) character file.

Game seed: 13862248932530690400

11499 arthad the Fighter (level 11, -5/104 HPs)
             Began as a Red Draconian Shapeshifter on Aug 10, 2023.
             Was an Initiate of Gozag.
             Slain by a cyan ugly thing (7 damage)
             ... on level 11 of the Dungeon.
             The game lasted 00:40:25 (9863 turns).

arthad the Fighter (Red Draconian Shapeshifter)     Turns: 9863, Time: 00:40:25

Health: -5/104     AC:  7    Str: 21    XL:     11   Next: 50%
Magic:  11/11      EV: 16    Int: 10    God:    Gozag
Gold:   1716       SH:  0    Dex: 17    Spells: 10/10 levels left

rFire   + .          .
                       - Unarmed
rCold   . . .        (no shield)
rNeg    . . .        (body armour unavailable)
rPois   .            (helmet currently unavailable)
rElec   .            (cloak currently unavailable)
rCorr   +            (gloves currently unavailable)
SInv    .            (boots currently unavailable)
Will    .....        x - amulet of regeneration
Stlth   ++           j - ring of Punuj Zid {rCorr Slay+5}
HPRegen 1.17/turn    I - +6 ring of dexterity
MPRegen 0.12/turn

%: no passive effects
@: short of breath, beast-form, studying 2 skills
A: beast (slay +4), breathe fire, AC +7, unfitting armour, fire resistance 1,
cold-blooded
a: Breathe Fire, Begin Untransformation, Renounce Religion, Potion Petition,
Call Merchant, Bribe Branch


You were on level 11 of the Dungeon.
You worshipped Gozag.
Gozag was most pleased with you.
You were a hulking beast.
You visited 2 branches of the dungeon, and saw 12 of its levels.
You also visited: Sewer.

You collected 2430 gold pieces.
You spent 605 gold pieces at shops.
You paid 109 gold pieces to Gozag.

Inventory:

Hand Weapons
 g - a +4 dagger
 k - a +1 heavy sling
 l - a +1 rapier of holy wrath
Missiles
 q - a silver javelin
 t - 3 darts of dispersal (quivered)
 N - 12 poisoned darts
Armour
 C - a +1 pair of boots
Jewellery
 j - the ring of Punuj Zid (left hand) {rCorr Slay+5}
   (You found it on level 2 of the Dungeon)

   [ring of resist corrosion]

   Slay+5:    It affects your accuracy & damage with ranged weapons and melee
   (+5).
   rCorr:     It protects you from acid and corrosion.
 w - a ring of positive energy
 x - an amulet of regeneration (around neck)
 F - a ring of protection from fire
 G - a ring of see invisible
 H - a ring of willpower
 I - a +6 ring of dexterity (right hand)
Talismans
 b - a beast talisman (active)
 c - a flux talisman
 i - a blade talisman
 y - a dragon-blood talisman
 O - a storm talisman
Wands
 o - a wand of charming (1)
 r - a wand of flame (8)
Scrolls
 e - 5 scrolls of revelation
 f - 2 scrolls of noise
 h - 6 scrolls of identify
 n - 2 scrolls of teleportation
 p - 2 scrolls of enchant armour
 v - 2 scrolls of enchant weapon
 E - 2 scrolls of vulnerability
 P - 2 scrolls of fog
 T - a scroll of poison
Potions
 a - a potion of magic
 d - 3 potions of mutation
 m - 2 potions of enlightenment
 s - a potion of brilliance
 z - 2 potions of degeneration
 B - 2 potions of lignification
 D - 2 potions of attraction
 M - a potion of curing
 S - a potion of might {unknown}
Miscellaneous
 Q - a box of beasts (inert)


   Skills:
 * Level 11.8 Fighting
 + Level 2.0 Throwing
 * Level 8.0 Dodging
 + Level 2.0 Stealth
 * Level 9.0 Unarmed Combat
 + Level 2.1 Evocations
 * Level 9.4 Shapeshifting


You had 10 spell levels left.
You didn't know any spells.
Your spell library contained the following spells:

 Spells                   Type           Power      Damage    Failure   Level
 Iskenderun's Battlesphe  Conj           0%         2d6       100%        5
 Leda's Unmaking          Conj/Erth      0%         9d1       100%        6
 Spellforged Servitor     Conj/Summ      0%         N/A       100%        7


Dungeon Overview and Level Annotations

Branches:
Dungeon (11/15)            Temple (1/1) D:6            Lair (0/5) D:11
    Orc (0/2) D:10          Sewer (visited)

Altars:
Ashenzari
Cheibriados
Dithmenos
Elyvilon
Fedhas
Gozag
Hepliaklqana
Kikubaaqudgha
Makhleb
Nemelex Xobeh
Okawaru
Qazlal
Ru
Sif Muna
Trog
Uskayaw
Vehumet
Wu Jian
Xom
Yredelemnul
Zin
The Shining One

Shops:
D:1 (   D:6 =   D:10 ?

Annotations:
D:2 Sigmund
D:5 2 runed translucent doors
D:8 6 transporters


Innate Abilities, Weirdness & Mutations

You are a hulking beast.
Your limbs bulge with bestial killing power. (Slay +4)
You can breathe blasts of fire.
Your fiery red scales are hard. (AC +7)
You cannot fit into any form of body armour.
Your flesh is heat resistant. (rF+)
You are cold-blooded and may be slowed by cold attacks.


Message History

You punch the cyan ugly thing! You tail-slap the cyan ugly thing.
The cyan ugly thing is moderately wounded.
The cyan ugly thing stings you but does no damage.
You punch the cyan ugly thing!
Your tail-slap misses the cyan ugly thing.
You punch the cyan ugly thing!
The cyan ugly thing is heavily wounded.
The cyan ugly thing stings you! The cyan ugly thing shocks you!
You hit the cyan ugly thing. You punch the cyan ugly thing.
The cyan ugly thing is severely wounded.
The cyan ugly thing kicks you. The cyan ugly thing shocks you!
The cyan ugly thing stings you but does no damage.
Aiming: Breathe Fire (3% risk of failure)
Press: ? - help, Shift-Dir - straight line, f - vampire mosquito
Aim: a vampire mosquito (48% to hit)
You breathe a blast of fire.
The fiery breath hits the cyan ugly thing!
The cyan ugly thing is almost dead.
The fiery breath hits the vampire mosquito!
The vampire mosquito is moderately damaged.
The cyan ugly thing kicks you. The cyan ugly thing shocks you!
The cyan ugly thing stings you. The cyan ugly thing shocks you!
* * * LOW HITPOINT WARNING * * *
Unknown command.
Okay, then.
You feel much better. The cyan ugly thing kicks you.
The cyan ugly thing shocks you!
* * * LOW HITPOINT WARNING * * *
The cyan ugly thing stings you but does no damage.
Okay, then.
Okay, then.
The cyan ugly thing attacks as you move away!
The cyan ugly thing stings you!
* * * LOW HITPOINT WARNING * * *
The cyan ugly thing shocks you!
* * * LOW HITPOINT WARNING * * *
The cyan ugly thing attacks as you move away!
The cyan ugly thing kicks you!
You die...
Your body crumbles into a pile of gold.

#..+...#...........# ##.......
#..#...'...........# ##....#...
#..#####...........# #⌠...###..
#..................# ##....#...
#.................<# ##.......
###......#####+#<....# ##.....#
.........#.. +.....# ##...##
.........#... #.....# ####.###
.........#.....#h....# #..#'#..
.#####...#.....#uu...#####.......
.# #...# ....+y................
.#...#...####'##.#####...........
.#...#...........# #...........
.#...#..........☼# #...........
.#...#...........# #...........
.#...#...........# #....#####''
.#...#...........#####....#......


You could see 2 ugly things and a vampire mosquito.

Vanquished Creatures
  Josephine (D:10)
  A hydra (D:11)
  A centaur warrior (D:11)
  2 two-headed ogres (D:11)
  A cyclops (D:11)
  A manticore (D:11)
  Joseph (D:10)
  Maurice (D:9)
  A yaktaur (D:11)
  2 trolls
  A hornet (D:8)
  Prince Ribbit (D:9)
  A centaur simulacrum (D:11)
  2 shadows
  3 wraiths (D:10)
  2 wyverns
  2 vampires
  4 yaks (D:10)
  Eustachio (D:4)
  3 steam dragons
  Menkaure (D:5)
  3 acid dragons
  Duvessa (D:5)
  4 orc warriors
  2 ice beasts
  A black bear (D:7)
  2 centaurs
  2 phantoms
  2 kobold brigands
  A gnoll sergeant (D:10)
  3 bullfrogs
  3 scorpions
  5 wights (D:7)
  3 killer bees (D:7)
  Dowan (D:5)
  2 howler monkeys
  5 orc priests
  2 hounds
  A gnoll bouda (D:7)
  2 iguanas
  Natasha (D:4)
  6 orc wizards
  2 sleepcaps
  16 gnolls
  10 adders
  6 river rats
  A white imp (D:7)
  3 ufetubi
  A worm (D:5)
  A dart slug (D:4)
  34 orcs
  A bat zombie (D:3)
  5 endoplasms
  4 giant cockroaches
  7 goblins
  3 hobgoblins
  7 quokkas
  12 ball pythons
  3 bats
  2 frilled lizards (Sewer)
  14 kobolds
  7 rats
  3 rat zombies (D:3)
227 creatures vanquished.

Vanquished Creatures (collateral kills)
  An orc priest (D:10)
  An orc wizard (D:10)
  An orc (D:10)
3 creatures vanquished.

Vanquished Creatures (others)
  Jeremiah (D:6)
  An orc (D:6)
2 creatures vanquished.

Grand Total: 232 creatures vanquished

Notes
Turn   | Place    | Note
-------+----------+-------------------------------------------
     0 | D:1      | arthad the Draconian Shapeshifter began the quest for the
                  | Orb.
     0 | D:1      | Reached XP level 1. HP: 16/16 MP: 1/1
   128 | D:1      | Found a faded altar of an unknown god.
   410 | D:1      | Found Riloib's Antique Weapon Shop.
   515 | D:1      | Reached XP level 2. HP: 18/23 MP: 2/2
   875 | D:2      | Identified the ring of Punuj Zid {rCorr Slay+5}
   931 | D:2      | Found a snail-covered altar of Cheibriados.
   983 | D:2      | Noticed Sigmund
  1239 | D:2      | HP: 1/24 [something (10)]
  1367 | D:3      | Reached XP level 3. HP: 29/29 MP: 3/3
  1374 | D:3      | Reached skill level 2 in Fighting
  1549 | D:3      | Reached XP level 4. HP: 24/36 MP: 4/4
  1719 | D:3      | Found an ancient bone altar of Kikubaaqudgha.
  1771 | D:3      | Found a snail-covered altar of Cheibriados.
  1783 | D:3      | Found a white marble altar of Elyvilon.
  1942 | D:4      | Reached XP level 5. HP: 42/42 MP: 5/5
  1995 | D:4      | Noticed Eustachio
  2017 | D:4      | Killed Eustachio
  2018 | D:4      | Reached skill level 3 in Fighting
  2018 | D:4      | Reached XP level 6. HP: 36/51 MP: 6/6
  2653 | D:4      | Noticed Natasha
  2667 | D:4      | Killed Natasha
  2777 | D:5      | Entered Level 5 of the Dungeon
  2777 | D:5      | Noticed Menkaure
  2777 | D:5      | Noticed Dowan
  2780 | D:5      | Noticed Duvessa
  2900 | D:5      | Reached skill level 4 in Fighting
  2900 | D:5      | Your scales start taking on a fiery red colour.
  2900 | D:5      | Reached XP level 7. HP: 59/59 MP: 7/7
  2900 | D:5      | Gained mutation: Your flesh is heat resistant. (rF+) [Red
                  | Draconian growth]
  2934 | D:5      | Killed Duvessa
  2937 | D:5      | Killed Dowan
  2938 | D:5      | Reached skill level 5 in Unarmed Combat
  2955 | D:5      | Noticed a steam dragon
  2967 | D:5      | Killed Menkaure
  2974 | D:5      | Killed a steam dragon
  3098 | D:5      | Found a glowing drain.
  3118 | Sewer    | Entered a sewer
  3999 | D:5      | Found a runed translucent door.
  4001 | D:5      | Found a runed translucent door.
  4462 | D:6      | Reached skill level 5 in Fighting
  4549 | D:6      | Reached XP level 8. HP: 66/68 MP: 8/8
  4572 | D:6      | Reached skill level 5 in Shapeshifting
  4657 | D:6      | Found Radghuirues's One-of-a-Kind Rings.
  4678 | D:6      | Noticed Jeremiah
  4879 | D:6      | Found a staircase to the Ecumenical Temple.
  4898 | Temple   | Entered the Ecumenical Temple
  4924 | Temple   | Became a worshipper of Gozag Ym Sagoz the Greedy
  4964 | D:6      | Identified a scroll of acquirement
  5000 | D:6      | Acquired a manual of Fighting
  5060 | D:6      | Killed Jeremiah
  5539 | D:7      | Reached skill level 5 in Dodging
  5620 | D:7      | Reached skill level 6 in Fighting
  5856 | D:7      | Found a shimmering blue altar of Sif Muna.
  6016 | D:7      | Reached XP level 9. HP: 64/78 MP: 9/9
  6040 | D:7      | Reached skill level 7 in Fighting
  6083 | D:7      | Noticed a troll
  6092 | D:7      | Killed a troll
  6536 | D:8      | Paralysed by a hornet for 1 turns
  6574 | D:8      | Found a transporter.
  6575 | D:8      | Found a transporter.
  6615 | D:8      | Reached skill level 8 in Fighting
  6701 | D:8      | Found a transporter.
  6705 | D:8      | Found a transporter.
  7030 | D:8      | Found a transporter.
  7031 | D:8      | Found a transporter.
  7201 | D:9      | Noticed Prince Ribbit
  7221 | D:9      | Killed Prince Ribbit
  7441 | D:9      | Reached XP level 10. HP: 83/90 MP: 10/10
  7557 | D:9      | Noticed Maurice
  7568 | D:9      | Killed Maurice
  7569 | D:9      | Reached skill level 9 in Fighting
  7787 | D:10     | Entered Level 10 of the Dungeon
  7899 | D:10     | Found a staircase to the Orcish Mines.
  7949 | D:10     | Noticed Joseph
  7961 | D:10     | Killed Joseph
  8029 | D:10     | Noticed Josephine
  8042 | D:10     | Killed Josephine
  8043 | D:10     | Reached skill level 10 in Fighting
  8367 | D:10     | Found Huroppeph's Magic Scroll Boutique.
  8483 | D:10     | Bought a scroll of acquirement for 572 gold pieces
  8483 | D:10     | Bought a scroll of teleportation for 33 gold pieces
  8483 | D:10     | Acquired 778 gold pieces
  8650 | D:11     | Noticed a cyclops
  8668 | D:11     | Killed a cyclops
  8794 | D:11     | Noticed a two-headed ogre
  8807 | D:11     | Killed a two-headed ogre
  8808 | D:11     | Reached XP level 11. HP: 77/101 MP: 11/11
  8811 | D:11     | Reached skill level 11 in Fighting
  8811 | D:11     | Reached skill level 1 in Stealth
  8811 | D:11     | Reached skill level 1 in Evocations
  8815 | D:11     | Reached skill level 1 in Throwing
  8905 | D:11     | Noticed a death knight
  8910 | D:11     | Noticed a centaur warrior
  8925 | D:11     | HP: 4/102 [barbs]
  9329 | D:11     | Noticed a four-headed hydra
  9343 | D:11     | Killed a four-headed hydra
  9383 | D:11     | Killed a centaur warrior
  9545 | D:11     | Noticed a two-headed ogre
  9554 | D:11     | Killed a two-headed ogre
  9636 | D:11     | Found a staircase to the Lair.
  9668 | D:11     | Noticed a purple ugly thing
  9678 | D:11     | Noticed a cyan ugly thing
  9863 | D:11     | HP: 2/104 [cyan ugly thing (15)]
  9863 | D:11     | Slain by a cyan ugly thing

Illustrated notes

Levels and vault maps discovered:
D:1:      nzn_arrival_depleted_hourglass, layout_loops_ring,
          ebering_ecumenical_altar_hall, serial_shops,
          nicolae_shop_just_a_little_nook, moated_statue
D:2:      layout_rooms, basic_altar, uniq_sigmund
D:3:      layout_basic, lemuel_zombie_altar_kikubaaqudgha,
          mainiacjoe_overflow_swirl
D:4:      layout_basic, grunt_ministairs_4, minmay_distorted, uniq_natasha,
          uniq_eustachio
D:5:      lemuel_insect_pit, layout_rooms, gup_sewer_entry_bubbles,
          uniq_menkaure, uniq_duvessa
D:6:      layout_basic, minmay_temple_entry_trees, hex_medium,
          minmay_misc_feat_rows, nicolae_shop_unique_rings, dk_vineyard_1,
          hangedman_decor_points, lemuel_flame_loot_1, uniq_jeremiah
D:7:      layout_loops_ring, mainiacjoe_overflow_small_starburst,
          minmay_manual_macuahuitl
D:8:      layout_basic, minmay_misc_feat_tiny, serial_nicolae_subway,
          nicolae_sub_station_crystal, nicolae_sub_station_stone,
          nicolae_sub_station_metal
D:9:      layout_basic, mrwooster_statue_mirror, uniq_maurice,
          uniq_prince_ribbit1
D:10:     layout_roguey, orc_0_dummy, serial_shops,
          nicolae_shop_temple_entry_statues_fountains, uniq_joseph,
          uniq_josephine
D:11:     minmay_bloctagon, layout_irregular_city, lair_entry_dummy,
          st_stairs_1, nzn_life_drinkers
Temple:   mainiacjoe_temple_coin_purse

Skill      XL: |  1  2  3  4  5  6  7  8  9 10 11 |
---------------+----------------------------------+-----
Dodging        | 2 3 4 5 6 7 8 |  8.0
Fighting       | 2 3 4 5 6 8 10 11 | 11.8
Unarmed Combat | 4 5 6 7 8 9 |  9.0
Shapeshifting  | 4 6 7 9 |  9.4
Stealth        | 2 |  2.0
Evocations     | 2 |  2.1
Throwing       | 2 |  2.0

Action                     |  1- 3 |  4- 6 |  7- 9 | 10-12 || total
---------------------------+-------+-------+-------+-------++-------
  Melee: Unarmed           |    60 |   103 |   308 |   153 ||   624
         Tailslap          |     7 |    15 |    49 |    23 ||    94
         Punch             |       |     1 |    15 |     8 ||    24
   Fire: Sling             |       |       |       |     1 ||     1
  Throw: Dart              |       |     5 |    38 |    33 ||    76
         Javelin           |       |       |       |    11 ||    11
Ability: Breathe Fire      |       |       |     2 |     1 ||     3
  Evoke: Wand              |       |       |     4 |    10 ||    14
         Box of beasts     |       |       |       |     2 ||     2
    Use: Potion            |     5 |     1 |     4 |     8 ||    18
         Scroll            |     2 |     3 |     8 |     7 ||    20
   Stab: Sleeping          |       |     2 |       |     1 ||     3
         Distracted        |       |       |     2 |       ||     2
         Invisible         |       |       |       |     1 ||     1
 Armour: Skin              |    15 |    27 |    66 |    35 ||   143
  Dodge: Dodged            |    36 |    65 |   139 |   112 ||   352

Table legend: (Time is in decaauts)
 A = Elapsed time spent in this place.
 B = Non-inter-level travel time spent in this place.
 C = Inter-level travel time spent in this place.
 D = Time resting spent in this place.
 E = Time spent auto-exploring this place.
 F = Levels seen in this place.
 G = Mean time per level.
                   A        B        C        D        E       F      G
               +--------+--------+--------+--------+--------+-----+--------+
         Total |  10028 |   9456 |    572 |    584 |   6313 |  13 |  771.4 |
       Dungeon |   9132 |   8586 |    546 |    584 |   5656 |  11 |  830.2 |
        Temple |     37 |     11 |     26 |      0 |      0 |   1 |   37.0 |
         Sewer |    858 |    858 |      0 |      0 |    657 |   1 |  858.0 |
               +--------+--------+--------+--------+--------+-----+--------+

Top non-repeatable levels by time:
    D:10: 1117 daAuts
     D:7: 1065 daAuts
     D:4: 978 daAuts
     D:6: 966 daAuts
     D:1: 938 daAuts
    D:11: 921 daAuts
   Sewer: 858 daAuts
     D:5: 718 daAuts
     D:8: 698 daAuts
     D:3: 691 daAuts
     D:9: 585 daAuts
     D:2: 451 daAuts
  Temple: 37 daAuts
